AoeStats
← Xz

Arena

510567154Analyzed
3v3 RM · 1d ago on Oct 1, 2026· 44m 58s· 6 players
Game mode
Random Map
Map size
Normal (6 player)
Population
200
Speed
Normal
Resources
Standard
Victory
Conquest
Starting age
Dark Age
Ending age
Imperial Age
RankedLock teamsTeams togetherTeam positionsShared explorationLock speedFull tech treeHidden civsTurbo modeCheats
Victory
Defeat
🇧🇷 Varangians · Brazil
869
+9
🇷🇺 Celts · Russia
644
+18
🇷🇺 Gurjaras · Russia
642
+17
🇮🇩 Aztecs · Indonesia
738
-17
🇷🇺 Spanish · Russia
672
-14
🇧🇷 Ethiopians · Brazil
647
-13
Anubis
0:30 Loom
12:27 Feudal Age
20:42 Castle Age
22:35 Fervor
23:33 Sanctity
27:53 Double-Bit Axe
33:37 Imperial Age
32:50 Gold Mining
34:54 Stone Mining
36:31 Bow Saw
37:41 Chemistry
36:57 Horse Collar
37:53 Cavalier
38:33 Husbandry
39:58 Murder Holes
Ironkinghard
13:34 Feudal Age
14:12 Double-Bit Axe
14:22 Horse Collar
15:41 Wheelbarrow
15:49 Wheelbarrow
15:50 Gold Mining
18:56 Castle Age
20:19 Bow Saw
21:58 Heavy Plow
26:55 Padded Archer Armor
27:10 Caravan
29:16 Leather Archer Armor
28:52 Fletching
29:13 Forging
31:09 Hand Cart
31:23 Hand Cart
33:45 Imperial Age
34:20 Bodkin Arrow
35:01 Iron Casting
34:32 Scale Barding Armor
35:14 Elite Shotel Warrior
36:06 Royal Heirs
36:45 Heavy Camel Rider
Xz
11:18 Feudal Age
10:05 Loom
16:27 Double-Bit Axe
16:27 Horse Collar
18:55 Castle Age
22:34 Eagle Warrior
23:43 Bow Saw
23:40 Heavy Plow
23:53 Forging
23:43 Scale Mail Armor
29:56 Imperial Age
28:08 Gold Mining
29:21 Iron Casting
29:01 Chain Mail Armor
30:10 Gold Shaft Mining
30:50 Chain Mail Armor
32:10 Crop Rotation
33:26 Wheelbarrow
33:54 Garland Wars
37:51 Blast Furnace
37:21 Plate Mail Armor
36:17 Elite Skirmisher
36:43 Elite Jaguar Warrior
36:52 Elite Eagle Warrior
38:26 Hand Cart
38:02 Town Watch
40:04 Arson
40:30 Padded Archer Armor
40:21 Fletching
41:16 Town Patrol
41:47 Conscription
KFE@ segundo pior
0:44 Loom
12:06 Feudal Age
13:29 Wheelbarrow
12:47 Double-Bit Axe
12:44 Horse Collar
13:32 Gold Mining
13:47 Town Watch
20:05 Castle Age
18:33 Town Watch
20:23 Arson
20:43 Scale Mail Armor
20:51 Squires
21:29 Bow Saw
21:32 Heavy Plow
21:27 Gambesons
22:44 Forging
24:40 Iron Casting
24:22 Fletching
26:39 Hand Cart
27:10 Town Patrol
32:02 Chain Mail Armor
31:43 Bodkin Arrow
34:07 Scale Barding Armor
34:07 Stone Mining
35:17 Treadmill Crane
35:57 Masonry
36:06 Fortified Wall
36:49 Murder Holes
36:50 Guard Tower
38:53 Stone Shaft Mining
39:12 Padded Archer Armor
40:48 Pikeman
42:40 Vendel Legacy
LadyBoy
9:27 Feudal Age
9:54 Double-Bit Axe
10:53 Horse Collar
18:34 Castle Age
17:29 Gold Mining
17:31 Stone Mining
19:24 Forging
20:53 Bow Saw
25:28 Fletching
27:19 Husbandry
28:23 Elite Skirmisher
29:29 Treadmill Crane
30:40 Gold Shaft Mining
30:31 Kshatriyas
31:38 Scale Barding Armor
31:35 Padded Archer Armor
31:35 Scale Mail Armor
32:11 Iron Casting
31:42 Caravan
35:41 Imperial Age
34:01 Wheelbarrow
33:56 Ballistics
34:21 Bloodlines
34:59 Bodkin Arrow
35:25 Chain Barding Armor
36:10 Heavy Plow
36:29 Chain Mail Armor
37:39 Chemistry
38:14 Heavy Camel Rider
42:14 Bracer
42:50 Plate Barding Armor
Kolbas™
10:26 Feudal Age
10:58 Horse Collar
11:18 Double-Bit Axe
18:02 Castle Age
18:48 Heavy Plow
19:08 Bow Saw
18:51 Fletching
25:09 Loom
25:10 Town Watch
26:00 Wheelbarrow
25:25 Bodkin Arrow
25:40 Forging
26:58 Stronghold
28:32 Gold Mining
28:35 Stone Mining
29:00 Forging
33:30 Imperial Age
33:17 Iron Casting
34:26 Furor Celtica
34:49 Conscription
35:48 Hand Cart
35:34 Town Patrol
36:47 Gold Shaft Mining
36:06 Capped Ram
37:56 Scale Mail Armor
38:59 Blast Furnace
38:07 Elite Woad Raider
Connection lost

Rejoining the realm…

Still unreachable

The connection could not be restored.

Session expired

The server has moved on; the page needs a fresh start.